 Dungeon Crawl Stone Soup version 0.22.0-49-gab54619 (webtiles) character file.

69 Fang the Skirmisher (level 4, -1/29 HPs)
             Began as a Gargoyle Berserker on Sept 5, 2018.
             Was a Believer of Trog.
             Killed by divine providence
             ... invoked by an orc priest
              (8 damage)
             ... on level 3 of the Dungeon.
             The game lasted 00:04:16 (1378 turns).

Fang the Skirmisher (Gargoyle Berserker)            Turns: 1378, Time: 00:04:16

Health: -1/29      AC:  5    Str: 22    XL:     4   Next: 20%
Magic:  4/4        EV: 12    Int:  7    God:    Trog [**....]
Gold:   97         SH:  0    Dex:  9    Spells: 3/3 levels left

rFire    . . .     SeeInvis .   a - +0 hand axe
rCold    . . .     Gourm    .   (no shield)
rNeg     + . .     Faith    .   b - +0 animal skin
rPois    ∞         Spirit   .   (no helmet)
rElec    +         Reflect  .   (no cloak)
rCorr    .         Harm     .   (no gloves)
MR       .....                  (no boots)
Stlth    +.........             (no amulet)
HPRegen  0.09/turn              (no ring)
MPRegen  0.09/turn              (no ring)

@: berserk cooldown, starving, slowed, very slow
A: negative energy resistance 1, electricity resistance, unbreathing,
petrification resistance, rot immunity, AC +3
a: Berserk, Trog's Hand, Renounce Religion


You were on level 3 of the Dungeon.
You worshipped Trog.
Trog was pleased with you.
You were starving.

You visited 1 branch of the dungeon, and saw 3 of its levels.

You collected 97 gold pieces.

Inventory:

Hand Weapons
 a - a +0 hand axe (weapon)
Armour
 b - a +0 animal skin (worn)
Jewellery
 n - an uncursed ring of ice {unknown}
Scrolls
 d - a scroll of identify {unknown}
 f - a scroll of teleportation {unknown}
 g - a scroll of enchant weapon {unknown}
 h - a scroll of magic mapping {unknown}
 j - a scroll of blinking {unknown}
 k - a scroll of remove curse {unknown}
 m - a scroll of enchant armour {unknown}
 p - 2 scrolls of fear {unknown}
Potions
 e - a potion of might {unknown}
 i - a potion of lignification {unknown}
 l - 2 potions of curing {unknown}
 q - a potion of berserk rage {unknown}
Comestibles
 c - 3 rations


   Skills:
 + Level 4.0 Fighting
 + Level 3.6 Axes
 + Level 2.5 Armour
 + Level 2.0 Dodging


You had 3 spell levels left.
You didn't know any spells.
Your spell library was empty.

Dungeon Overview and Level Annotations

Branches:
Dungeon (3/15)

Altars:
Nemelex Xobeh


Innate Abilities, Weirdness & Mutations

You are resistant to torment.
Your stone body is resilient. (AC +3)
You are immune to poison.
You resist negative energy. (rN+)
You are resistant to electric shocks. (rElec)
You can survive without breathing.
You are immune to petrification.
You are immune to rotting.


Message History

The orc priest is moderately wounded.
You slash the frilled lizard!
You kill the frilled lizard!
Trog accepts your kill.
You hit the orc priest.
The orc priest is heavily wounded.
You are no longer berserk.
You are exhausted.
You feel yourself slow down.
The orc priest looks encouraged for a moment.
You hit the orc priest but do no damage.
The orc priest is heavily wounded.
The orc priest hits you with a mace.
* * * LOW HITPOINT WARNING * * *
The orc priest hits you but does no damage.
You hit the orc priest but do no damage.
The orc priest is heavily wounded.
The orc priest mumbles some strange prayers to Beogh against you.
Beogh smites you!
You die... .#.#########.# ...[..)<@ooo.# ##.########..=# .#

You could see 2 orc priests and an orc.

Vanquished Creatures
  A worker ant (D:2)
  A worm (D:2)
  A dart slug (D:1)
  A leopard gecko (D:2)
  3 orcs (D:3)
  5 bats
  2 giant cockroaches (D:1)
  4 goblins
  4 hobgoblins
  4 jackals
  2 frilled lizards
  A kobold (D:1)
  5 rats
34 creatures vanquished.

Notes
Turn   | Place    | Note
-------+----------+-------------------------------------------
     0 | D:1      | Fang the Gargoyle Berserker began the quest for the Orb.
     0 | D:1      | Reached XP level 1. HP: 14/14 MP: 1/1
   110 | D:1      | Reached XP level 2. HP: 16/19 MP: 2/2
   422 | D:2      | Reached XP level 3. HP: 24/24 MP: 3/3
   492 | D:2      | Found a sparkling altar of Nemelex Xobeh.
   856 | D:2      | Reached XP level 4. HP: 20/29 MP: 4/4
   861 | D:2      | Reached ** piety under Trog
  1075 | D:2      | Reached skill level 4 in Fighting
  1378 | D:3      | Killed from afar by an orc priest

Skill      XL: |  1  2  3  4 |
---------------+-------------+-----
Axes           | 3 |  3.6
Fighting       | 4 |  4.0
Dodging        | 2 |  2.0
Armour         | |  2.5

Action                   |  1- 3 |  4- 6 || total
-------------------------+-------+-------++-------
Melee: Hand axe          |    76 |    22 ||    98
Invok: Berserk           |     1 |     1 ||     2
  Eat: Chunk             |       |     1 ||     1
Armor: Animal skin       |    23 |     6 ||    29
Dodge: Dodged            |    52 |     8 ||    60
